 Dungeon Crawl Stone Soup version 0.29.1-12-g30fa7ad0bf (webtiles) character file.

Game seed: 13379127055222705313

63 Gabide the Trooper (level 3, -3/30 HPs)
             Began as a Mummy Berserker on Dec 15, 2022.
             Was a Believer of Trog.
             Slain by an iguana (10 damage)
             ... on level 4 of the Dungeon.
             The game lasted 00:03:05 (3164 turns).

Gabide the Trooper (Mummy Berserker)                Turns: 3164, Time: 00:03:05

Health: -3/30      AC:  4    Str: 22    XL:     3   Next: 87%
Magic:  3/3        EV: 12    Int:  6    God:    Trog [**....]
Gold:   183        SH:  0    Dex: 11    Spells: 2/2 levels left

rFire   x . .      SeeInvis .   d - +0 dagger (venom)
rCold   + . .      Faith    .   (no shield)
rNeg    + + +      Spirit   .   b - +0 leather armour
rPois   ∞          Reflect  .   (no helmet)
rElec   .          Harm     .   (no cloak)
rCorr   .          Rampage  .   (no gloves)
Will    ++...                   f - +0 pair of boots
Stlth   +.........              (no amulet)
HPRegen 1.10/turn               (no ring)
MPRegen 0.08/turn               (no ring)

@: strong-willed, regenerating
A: cold resistance 1, negative energy resistance 3, torment resistance 2, heat
vulnerability 1, in touch with death 1, no potions
a: Renounce Religion, Trog's Hand


You were on level 4 of the Dungeon.
You worshipped Trog.
Trog was pleased with you.
You visited 1 branch of the dungeon, and saw 4 of its levels.

You collected 183 gold pieces.

Inventory:

Hand Weapons
 d - a +0 dagger of venom (weapon)
Missiles
 e - 6 javelins
 h - 5 boomerangs (quivered)
Armour
 b - a +0 leather armour (worn)
 f - a +0 pair of boots (worn)
Scrolls
 a - a scroll of identify {unknown}
 c - a scroll of brand weapon {unknown}
 g - a scroll of enchant weapon {unknown}


   Skills:
 * Level 3.8 Fighting
 - Level 1.5 Armour
 + Level 2.1 Dodging
 * Level 3.1 Unarmed Combat


You had 2 spell levels left.
You didn't know any spells.
Your spell library was empty.

Dungeon Overview and Level Annotations

Branches:
Dungeon (4/15)
 Temple: D:4-7

Altars:

Shops:
D:4 (


Innate Abilities, Weirdness & Mutations

You are immune to poison.
Your flesh is cold resistant. (rC+)
You are immune to negative energy. (rN+++)
You are immune to unholy pain and torment.
You are vulnerable to heat. (rF-)
You are in touch with the powers of death.
You do not drink.


Message History

The iguana is lightly wounded.
The iguana bites you!
You closely miss the iguana.
The iguana is lightly wounded.
The iguana bites you.
You barely miss the iguana.
The iguana is lightly wounded.
The iguana bites you.
You are too injured to fight recklessly!
You are too injured to fight recklessly!
You are too injured to fight recklessly!
You are too injured to fight recklessly!
You are too injured to fight recklessly!
You are too injured to fight recklessly!
You are too injured to fight recklessly!
You are too injured to fight recklessly!
You are too injured to fight recklessly!
You are too injured to fight recklessly!
You are too injured to fight recklessly!
You are too injured to fight recklessly!
You are too injured to fight recklessly!
You are too injured to fight recklessly!
You are too injured to fight recklessly!
You are too injured to fight recklessly!
You are too injured to fight recklessly!
You are too injured to fight recklessly!
You are too injured to fight recklessly!
You hit the iguana.
The iguana is poisoned.
The iguana is lightly wounded.
The iguana completely misses you.
You hit the iguana but do no damage.
The iguana looks even sicker.
The iguana is lightly wounded.
The iguana bites you!
* * * LOW HITPOINT WARNING * * *
Your skin crawls.
You feel strong-willed. The iguana bites you.
* * * LOW HITPOINT WARNING * * *
The iguana attacks as you move away! The iguana bites you!
You die...

##########
#........#
#.######.#
## #.# #.#
.#####.#
#.####
.......#
##....#
########
#.....# #
#######.#
#
8...(.#@#
#
8(..((∩l#
8..(.(#.#
#######.#
..# #.#
#.# ..#
###


You could see an iguana (very poisoned) and 2 training dummies.

Vanquished Creatures
  A worm (D:2)
  2 orcs (D:3)
  6 ball pythons
  4 endoplasms
  7 giant cockroaches
  5 goblins
  7 hobgoblins
  7 kobolds
  A quokka (D:2)
  7 bats
  A frilled lizard (D:3)
  2 rats
50 creatures vanquished.

Notes
Turn   | Place    | Note
-------+----------+-------------------------------------------
     0 | D:1      | Gabide the Mummy Berserker began the quest for the Orb.
     0 | D:1      | Reached XP level 1. HP: 18/18 MP: 1/1
   443 | D:1      | Reached XP level 2. HP: 24/24 MP: 2/2
  1528 | D:2      | Gained mutation: You are in touch with the powers of death.
                  | [Mummy growth]
  1528 | D:2      | Reached XP level 3. HP: 16/29 MP: 3/3
  2124 | D:2      | Reached ** piety under Trog
  3152 | D:4      | Found Acoafaner's Firing Range.
  3164 | D:4      | Slain by an iguana

Illustrated notes

Levels and vault maps discovered:
D:1:      psy_arrival_fountain, layout_rooms, serial_co_window_serial,
          co_window_of_opportunity_a, co_window_corner_a, co_window_cross_1,
          co_window_corner_a, co_window_paths_b, co_window_paths_a,
          co_window_corner_a, co_window_corner_a, co_window_paths_b,
          co_window_cross_3, co_window_2corner, co_window_of_opportunity_b,
          co_window_unsneaky_path_d, co_window_corner_b, glass_columns_b
D:2:      layout_basic, minmay_door_square, minmay_heptomino_d4
D:3:      layout_rooms
D:4:      layout_loops_cross, serial_shops, shop,
          chequers_serial_rivers_small_a, nicolae_shop_firing_range

Skill      XL: |  1  2  3 |
---------------+----------+-----
Unarmed Combat | 3 |  3.1
Dodging        | 2 |  2.1
Fighting       | |  3.8
Armour         | |  1.5

Action                   || total
-------------------------++-------
Melee: Unarmed           ||    70
       Dagger            ||   104
       Punch             ||     2
Throw: Stone             ||     3
       Boomerang         ||     1
Invok: Trog's Hand       ||     1
Armor: Animal skin       ||    33
       Leather armour    ||    19
Dodge: Dodged            ||    97
